 Dungeon Crawl Stone Soup version 0.27.1-33-g824d729ab1 (webtiles) character file.

Game seed: 17612238604193650011

16 bearlyready the Grave Robber (level 2, -4/18 (19) HPs)
             Began as a Demonspawn Necromancer on Nov 24, 2021.
             Slain by Sigmund (5 damage)
             ... on level 2 of the Dungeon.
             The game lasted 00:01:40 (963 turns).

bearlyready the Grave Robber (DsNe)                  Turns: 963, Time: 00:01:41

HP:   -4/18 (19)    AC:  7    Str:  8    XL:     2   Next: 37%
MP:   5/5           EV: 10    Int: 22    God:
Gold: 110           SH:  0    Dex: 13    Spells: 4/5 levels left

rFire    . . .     SeeInvis .   i - +3 short sword (drain)
rCold    . . .     Faith    .   (no shield)
rNeg     . . .     Spirit   .   d - +0 ring mail
rPois    .         Reflect  .   (no helmet)
rElec    .         Harm     .   (no cloak)
rCorr    .         Rampage  .   (no gloves)
Will     .....                  (no boots)
Stlth    +.........             (no amulet)
HPRegen  0.06/turn              b - +6 ring of intelligence
MPRegen  0.09/turn              (no ring)

@: about to teleport, drained
A: icy blue scales 1
a: no special abilities


You were on level 2 of the Dungeon.
You visited 1 branch of the dungeon, and saw 2 of its levels.

You collected 110 gold pieces.

Inventory:

Hand Weapons
 f - a +0 dagger
 i - a +3 short sword of draining (weapon)
Missiles
 j - 16 poisoned darts
Armour
 a - a +0 robe
 d - a +0 ring mail (worn)
Jewellery
 b - a +6 ring of intelligence (left hand)
Potions
 c - a potion of flight


   Skills:
 + Level 0.3 Short Blades
 - Level 1.7 Dodging
 - Level 1.7 Stealth
 - Level 2.0 Spellcasting
 + Level 5.0 Necromancy


You had 4 spell levels left.
You knew the following spells:

 Your Spells              Type           Power      Damage    Failure   Level
a - Pain                  Necr           96%        1d8       5%          1

Your spell library contained the following spells:

 Spells                   Type           Power      Damage    Failure   Level
 Animate Skeleton         Necr           48%        N/A       5%          1
 Vampiric Draining        Necr           12%        2d7       16%         3
 Animate Dead             Necr           12%        N/A       47%         4
 Agony                    Necr           24%        N/A       83%         5


Dungeon Overview and Level Annotations

Branches:
Dungeon (2/15)

Altars:

Annotations:
D:2 Sigmund


Innate Abilities, Weirdness & Mutations

You are partially covered in icy blue scales. (AC +2)


Message History

Confirm with . or Enter, or press ? or * to list all spells.
Aiming: Pain (safe; 5% risk of failure)
Press: ? - help, Shift-Dir - straight line, f/p - Sigmund
Aim: Sigmund, wielding a +0 scythe and wearing a +0 robe (lightly wounded, chance to affect: 88%) Sigmund writhes in agony!
Casting: Pain (safe; 5% risk of failure)
Confirm with . or Enter, or press ? or * to list all spells.
Aiming: Pain (safe; 5% risk of failure)
Press: ? - help, Shift-Dir - straight line, f/p - Sigmund
Aim: Sigmund, wielding a +0 scythe and wearing a +0 robe (moderately wounded, chance to affect: 88%) Sigmund barely resists.
Sigmund gestures at you while chanting. The magic dart hits you.
Casting: Pain (safe; 5% risk of failure)
Confirm with . or Enter, or press ? or * to list all spells.
Aiming: Pain (safe; 5% risk of failure)
Press: ? - help, Shift-Dir - straight line, f/p - Sigmund
Aim: Sigmund, wielding a +0 scythe and wearing a +0 robe (moderately wounded, chance to affect: 88%) Sigmund writhes in agony.
Sigmund casts a spell at you.
You are confused.
It was a potion of flight.
You feel very buoyant.
You fly up into the air.
Sigmund hits you from afar with a +0 scythe.
* * * LOW HITPOINT WARNING * * *
It was a potion of cancellation.
Your magical effects are unravelling.
You feel magically purged.
You float gracefully downwards.
You feel less confused.
Sigmund hits you from afar with a +0 scythe.
* * * LOW HITPOINT WARNING * * *
It was a potion of magic.
Magic courses through your body.
It was a potion of curing.
You feel better.
Sigmund hits you from afar with a +0 scythe!
* * * LOW HITPOINT WARNING * * *
As you read the scroll labelled FEONEF MOFEOME, it crumbles to dust.
You feel strangely unstable.
It was a scroll of teleportation.
Sigmund hits you from afar with a +0 scythe.
You die...

... #........#
...###........#
.............#
##...........# ######
#............# #.....
#............# #.....
#..........### #.....
#...........## #.....
#.....@.@....#### #.....
#..!.....†##....####.....
............####..##......
#...........##............
............#........#####
..............#........#
.....................#.###
..............#..###.....
....).............


You could see Sigmund.

Vanquished Creatures
  A dart slug (D:1)
  A ball python (D:1)
  A giant cockroach (D:2)
  2 goblins (D:1)
  A kobold (D:1)
  A quokka (D:2)
  2 bats
  A frilled lizard (D:2)
  3 rats
  A toadstool (D:1)
14 creatures vanquished.

Vanquished Creatures (others)
  2 fungi (D:1)
  2 toadstools (D:1)
4 creatures vanquished.

Grand Total: 18 creatures vanquished

Notes
Turn   | Place    | Note
-------+----------+-------------------------------------------
     0 | D:1      | bearlyready the Demonspawn Necromancer began the quest for
                  | the Orb.
     0 | D:1      | Reached XP level 1. HP: 13/13 MP: 3/3
   164 | D:1      | Found a faded altar of an unknown god.
   411 | D:1      | Gained mutation: You are partially covered in icy blue
                  | scales. (AC +2) [demonic ancestry]
   411 | D:1      | Reached XP level 2. HP: 18/19 MP: 3/5
   756 | D:2      | Reached skill level 5 in Necromancy
   950 | D:2      | Noticed Sigmund
   963 | D:2      | Slain by Sigmund

Illustrated notes

Levels and vault maps discovered:
D:1:      minmay_arrival_four_houses, layout_rooms,
          ebering_ecumenical_altar_petrified, minmay_gold_behind_fungi,
          nrook_uturn, amcnicky_mini_corridor_feature, minmay_misc_feat_pillars,
          minmay_misc_feat_ornament
D:2:      layout_rooms, uniq_sigmund, uniq_crazy_yiuf_cottage

Skill      XL: |  1  2 |
---------------+-------+-----
Necromancy     | 5 |  5.0
Short Blades   | |  0.3
Dodging        | |  1.7
Stealth        | |  1.7
Spellcasting   | |  2.0

Action                   || total
-------------------------++-------
Melee: Unarmed           ||     7
       Dagger            ||    11
       Short sword       ||     9
 Cast: Pain              ||    11
  Use: Potion            ||     4
       Scroll            ||     1
Armor: Ring mail         ||     8
       Robe              ||     1
Dodge: Dodged            ||    10
